[Event "*** Titled Tuesday 3|2 Blitz"]
[Site "Chess.com"]
[Date "2017.03.07"]
[Round "5"]
[White "AlexZambrano"]
[Black "DryCounty"]
[Result "1-0"]
[WhiteElo "2279"]
[BlackElo "2493"]
[TimeControl "180+2"]
[EndTime "14:11:13 PST"]
[Termination "AlexZambrano won by resignation"]

1. e4 c5 2. Nf3 d6 3. d4 cxd4 4. Nxd4 Nf6 5. Nc3 Nc6 6. Bc4 e6 7. Bb3 Be7 8. Be3 a6 9. Qe2 Qc7 10.
O-O-O Na5 11. g4 b5 12. g5 Nxb3+ 13. axb3 Nd7 14. Kb1 b4 15. Na4 Nc5 16. f4 Bb7 17. f5 e5 18. f6 exd4 19. Bxd4 O-O 20. fxe7 Qxe7 21. Rhe1 Nxe4 22. Qg4 Qe6 23. Qg1 Rae8 24. h4 Qf5 25. Nb6 Re6 26. Qh2 Rfe8 27. Rf1 Qg6 28. Qf4 Qh5 29. g6 f6 30. gxh7+ Qxh7 31. Rg1 d5 32.
Rg2 Kf7 33. Rdg1 Rg8 34. Nd7 Rd6 35. Nc5 Rc6 36. Nxb7 a5 37. Rxg7+ Rxg7 38. Nd8+ Ke8 39.
Rxg7 Qxg7 40. Nxc6 Kd7 41. Nxa5 Qg2 42. Qb8 Nd2+ 43. Ka2 Qf1 44. Qb7+ Ke6 45. Qc6+ Kf5 46. Qxd5+ Kg4 47. Qe6+ f5 48. Qg6+ Kh3 49. Qg1 Qa6 50. Qh1+ Kg4 51. Qg2+ Kxh4 52. Qxd2 Qxa5+ 53. Kb1 Kg4 54. Be3 Qb5 55. Qd4+ Kf3 56. Qf4+ Kg2 57. Bc1 Qd5 58. Qxb4 Qf3 59. Qf4 Qd5 60. b4 Kh3 61. b3 Qb5 62. Qc4 Qd7 63. b5 Qd6 64.
Qc6 Qe5 65. b6 f4 66. b7 Kg4 67. Qg2+ Kf5 68. Qf3 Qb8 69. Qxf4+ Qxf4 70. Bxf4 1-0

[Event "*** Titled Tuesday 3|2 Blitz"]
[Site "Chess.com"]
[Date "2017.03.07"]
[Round "5"]
[White "Alex_Molchanov"]
[Black "Mischuk_D"]
[Result "1-0"]
[WhiteElo "2477"]
[BlackElo "2451"]
[TimeControl "180+2"]
[EndTime "14:11:19 PST"]
[Termination "Alex_Molchanov won by resignation"]

1. c4 c6 2. Nc3 d5 3. d4 Nf6 4. cxd5 cxd5 5. Nf3 e6 6. Bf4 Be7 7. e3 O-O 8. Bd3 b6 9. Qe2 Bb7 10. O-O Nc6 11. a3 Na5 12. b4 Nc4 13. Bxc4 dxc4 14. Qxc4 Rc8 15. Qb3 Nd5 16. Nxd5 Bxd5 17.
Qd1 Qd7 18. Ne5 Qb7 19. f3 f6 20.
Nd3 Rc3 21. Qd2 Rfc8 22. Rfc1 Rxc1+ 23. Rxc1 f5 24. Rc3 Rc4 25. Ne5 Rxc3 26. Qxc3 h6 27. Nd3 Qa6 28. Be5 Bc4 29. Nb2 b5 30. Nd3 Qa4 31. Nb2 Qb3 32. Qxb3 Bxb3 33. Kf2 Kf7 34. Ke2 g5 35. Kd2 g4 36. e4 h5 37. Kc3 Ba2 38.
Nd3 h4 39. exf5 exf5 40. fxg4 fxg4 41. Nf4 Bg5 42. Nd3 Bd5 43. g3 h3 44. Bf4 Bf6 45. Ne5+ Ke6 46. Nxg4 Be7 47. Kd3 Bg2 48. Ne3 Bf3 49. Kc3 Bf6 50. Kd3 Bg7 51. g4 Bf6 52. g5 Bg7 53. d5+ Bxd5 54. Nxd5 Kxd5 55. g6 Ke6 56.
Ke4 Bb2 57. Be3 Bxa3 58. Bd2 Kf6 59. Kf4 Kxg6 60. Kg4 Bb2 61. Kxh3 Kf5 62. Kg2 Ke4 63.
h4 Kd3 64. Be1 Ke2 65. Bf2 a6 66. h5 Kd3 67. h6 Kc4 68. Be1 Kd5 69. Kf3 Ke5 70. h7 Kf5 71. Bd2 Bd4 72. Be1 Bf6 73.
Bh4 Bc3 74. Be1 Bb2 75. Ke3 Bf6 76. Kd3 Kg6 77. Bc3 Bxc3 78. Kxc3 Kxh7 79. Kd4 Kg7 80. Kc5 Kf7 81. Kb6 Ke7 82. Kxa6 Kd7 83. Kxb5 Kc7 84. Ka6 Kb8 85. Kb6 1-0

[Event "*** Titled Tuesday 3|2 Blitz"]
[Site "Chess.com"]
[Date "2017.03.07"]
[Round "5"]
[White "P0ubelle"]
[Black "FearlessKing64"]
[Result "1/2-1/2"]
[WhiteElo "2038"]
[BlackElo "2108"]
[TimeControl "180+2"]
[EndTime "14:11:21 PST"]
[Termination "Game drawn by agreement"]

1. e4 c5 2. Nf3 d6 3. Bb5+ Nd7 4.
O-O a6 5. Bd3 b5 6. c3 Bb7 7. Re1 Rc8 8. Bc2 Ngf6 9. d3 g6 10.
Nbd2 Bg7 11. Nf1 O-O 12. Ng3 Ne5 13. Nxe5 dxe5 14. h4 h5 15. Bg5 Qd7 16. Qe2 Nh7 17. Be3 Bf6 18. Rad1 Bxh4 19. Nxh5 gxh5 20. Qxh5 Bf6 21. g3 Bg7 22. Kg2 Nf6 23. Qh2 Ng4 24.
Qh5 Nf6 25. Qxe5 Nxe4 26. dxe4 Qxd1 27. Qxg7+ Kxg7 28. Rxd1 Rfd8 29. Rh1 f5 30. Kf3 fxe4+ 31. Bxe4 Rf8+ 32. Bf4 e5 33. Rh7+ Kg8 34. Bxb7 Kxh7 35. Bxc8 exf4 36. Bxa6 fxg3+ 37. Kxg3 b4 38. cxb4 cxb4 39.
a3 bxa3 40. bxa3 Ra8 41. Bd3+ Kg7 42. Kf4 Rxa3 43. Be4 Kf6 44. f3 Ra5 45. Kg4 Re5 46.
Kf4 Re7 47. Bd5 Ra7 48. Bc6 Ra5 49. Be4 Ra4 50. Kg4 Ke5 51. Kg3 Ra3 52. Kg4 Rc3 53.
Kg3 Rc1 54. Kg4 Rg1+ 55. Kh3 Kf4 56. Kh2 Rg5 57. Bc6 Ke3 58. Kh3 Kf4 59. Kh2 Rg3 60.
Ba8 Rg7 61. Be4 Ke3 62. Kh3 Kf2 63. Kh4 Ke3 64. Kh5 Kf4 65. Kh6 Rg5 66. Kh7 Ke5 67.
Kh6 Kf6 68. Bc6 Rg6+ 69. Kh5 Rg7 70. Be4 Rg5+ 71. Kh4 Re5 72. Kg3 Re7 73. Kf4 Rf7 74.
Bd5 Ra7 75. Bc6 Ra5 1/2-1/2

[Event "*** Titled Tuesday 3|2 Blitz"]
[Site "Chess.com"]
[Date "2017.03.07"]
[Round "5"]
[White "Gordima"]
[Black "PlotnikovPavel"]
[Result "1-0"]
[WhiteElo "2481"]
[BlackElo "2316"]
[TimeControl "180+2"]
[EndTime "14:11:23 PST"]
[Termination "Gordima won by resignation"]

1. Nf3 e6 2. c4 d5 3. b3 Nf6 4. g3 Be7 5. Bg2 c5 6. O-O b6 7. cxd5 Nxd5 8. Bb2 Bf6 9. d4 Bb7 10.
e4 Nb4 11. a3 N4a6 12. Nbd2 cxd4 13. b4 e5 14. Qa4+ Qd7 15. Qb3 O-O 16. Nc4 Re8 17. a4 Qe7 18. Ba3 Nd7 19. Ne1 Nc7 20. Nd3 b5 21.
Na5 Ba6 22. Rfc1 bxa4 23. Qxa4 Nb5 24. Nc6 Qd6 25. Qxa6 Nc3 26. Nc5 Rac8 27. Nxd7 Rxc6 28. Nxf6+ Qxf6 29. Qd3 Rec8 30. Bf1 Qg6 31. Bb2 h5 32. Rxa7 h4 33. Qf3 Ne2+ 34. Bxe2 Rxc1+ 35. Bxc1 Rxc1+ 36. Kg2 Qe6 37. Ra8+ Kh7 38. Qh5+ Qh6 39. Qf5+ Qg6 40.
Qxe5 Re1 41. Qh5+ Qxh5 42. Bxh5 Rxe4 43. Bxf7 hxg3 44. hxg3 d3 45. Rd8 Rxb4 46. Rxd3 Rb7 47. Bd5 Re7 48. f4 Kg6 49. Kf3 Kf6 50. Be4 Re6 51.
Rc3 Ke7 52. Rc7+ Kf8 53. Bd5 Rf6 54. Ke4 g6 55. g4 Ra6 56. Ke5 Rb6 57. Rf7+ Ke8 58.
Rf6 1-0

[Event "*** Titled Tuesday 3|2 Blitz"]
[Site "Chess.com"]
[Date "2017.03.07"]
[Round "5"]
[White "GianmarcoVaR"]
[Black "gkchesstiger"]
[Result "1-0"]
[WhiteElo "2428"]
[BlackElo "2655"]
[TimeControl "180+2"]
[EndTime "14:11:53 PST"]
[Termination "GianmarcoVaR won by resignation"]

1. d4 d5 2. Nf3 Nf6 3. c4 c6 4. e3 g6 5. Nc3 Bg7 6. Bd3 O-O 7. O-O Bg4 8. h3 Bxf3 9. Qxf3 e6 10. Rd1 a5 11. Bd2 Nbd7 12. Be1 Qb8 13. Qe2 Rd8 14.
Qc2 Ne8 15. Rab1 Nd6 16. c5 Nf5 17. b4 axb4 18. Rxb4 Qc7 19. Rdb1 Rdb8 20. Qb3 Ra7 21. Rb6 Qc8 22. Rb4 e5 23. Bxf5 gxf5 24. Ne2 exd4 25. exd4 Nf8 26. a4 Ne6 27. Qd3 f4 28. Bd2 Rba8 29. Nxf4 Rxa4 30. Nxe6 Qxe6 31. Rxa4 Rxa4 32.
Be3 Qe4 33. Qxe4 dxe4 34. Rxb7 Bxd4 35. Bxd4 Rxd4 36. Rc7 Kg7 37. Rxc6 Rc4 38. Rc8 h5 39. g3 Rc2 40. Kf1 Kf6 41. c6 Kf5 42. c7 Kf6 43.
Rh8 Rxc7 44. Rxh5 Rc2 45. g4 Rc3 46. Kg2 Rf3 47. Rb5 Ke6 48. Ra5 Rc3 49. Rf5 f6 50.
h4 e3 51. Rf3 Kf7 52. Rxe3 Rc4 53. Kg3 Rb4 54. h5 Rb1 55. Ra3 Rg1+ 56. Kf4 Rb1 57. Ra7+ Ke6 58. Ra6+ Kf7 59. f3 Rb5 60. Rc6 Kg7 61.
Rc7+ Kg8 62. h6 Ra5 63. Kg3 Ra3 64. Rg7+ Kf8 65. Rb7 Kg8 66. Kf4 Ra5 67. Ke4 Re5+ 68. Kf4 Ra5 69. Re7 Rb5 70. Ke4 Rg5 71. Rg7+ Rxg7 72.
hxg7 Kxg7 73. Kf5 Kf7 74. f4 Kg7 75. g5 fxg5 76. Kxg5 Kg8 77. Kg6 Kf8 78. Kf6 Kg8 79. Ke7 Kg7 80. f5 1-0

[Event "*** Titled Tuesday 3|2 Blitz"]
[Site "Chess.com"]
[Date "2017.03.07"]
[Round "5"]
[White "HaryKane"]
[Black "coalescenet"]
[Result "1-0"]
[WhiteElo "2284"]
[BlackElo "2236"]
[TimeControl "180+2"]
[EndTime "14:11:53 PST"]
[Termination "HaryKane won by checkmate"]

1. e4 c6 2. d4 d5 3. Nc3 a6 4.
Nf3 Bg4 5. exd5 cxd5 6. h3 Bh5 7. g4 Bg6 8. Ne5 Nc6 9. Nxg6 hxg6 10. Bg2 e6 11.
Be3 Bb4 12. O-O Bxc3 13. bxc3 Nf6 14. Rb1 b5 15. a4 bxa4 16. c4 O-O 17. cxd5 exd5 18.
c4 Na5 19. cxd5 Nb3 20. Qe2 Nxd5 21. Qc4 Nb6 22. Qe2 Nd5 23. Rb2 Re8 24. Qf3 Nb6 25. d5 Nc4 26. Ra2 Rc8 27. Rd1 Qf6 28. Qxf6 gxf6 29. d6 Rcd8 30. Bf4 Ne5 31. Rxa4 Nc5 32. Ra5 Ncd3 33. Bxe5 Nxe5 34. Rxa6 Re6 35. f4 Nc4 36. f5 Rexd6 37. Rdxd6 Nxd6 38. fxg6 fxg6 39. Kh1 Kg7 40. Ra7+ Nf7 41. Kh2 Rd3 42. h4 Rd4 43. Kg3 Rd3+ 44. Kf2 Rd2+ 45. Kf3 f5 46. g5 Rd4 47.
Ke3 Rd8 48. Bc6 Kf8 49. Bb5 Rd6 50. Bc4 Ne5 51. Ba2 Ng4+ 52. Kf3 Rd3+ 53. Kf4 Rh3 54. Rf7+ Ke8 55. Rh7 Re3 56. Bf7+ Kf8 57. Bxg6 Re4+ 58. Kxf5 Ra4 59. Rf7+ Kg8 60. Rb7 Ne3+ 61. Kf6 Nd5+ 62. Ke5 Ne3 63. Bf7+ Kf8 64. Be6 Rxh4 65. Kf6 Rf4+ 66.
Kg6 Ra4 67. Kf6 Rf4+ 68. Kg6 Re4 69. Ba2 Ra4 70. Be6 Ra6 71. Kf6 Ng4+ 72. Kf5 Ne3+ 73. Ke5 Ra5+ 74. Kf6 Nd5+ 75. Bxd5 Rxd5 76. Rb8+ Rd8 77.
Rxd8# 1-0

[Event "*** Titled Tuesday 3|2 Blitz"]
[Site "Chess.com"]
[Date "2017.03.07"]
[Round "5"]
[White "pKiLz5Rn9b"]
[Black "1e41-0"]
[Result "1-0"]
[WhiteElo "2549"]
[BlackElo "2337"]
[TimeControl "180+2"]
[EndTime "14:11:55 PST"]
[Termination "pKiLz5Rn9b won by checkmate"]

1. e4 e6 2. g3 d5 3. Bg2 dxe4 4. Nc3 Nf6 5. Nxe4 Nxe4 6. Bxe4 Nd7 7.
Bg2 Nf6 8. d4 Be7 9. Nf3 O-O 10.
O-O c5 11. c3 cxd4 12. Nxd4 e5 13. Nb3 Qc7 14. Re1 Be6 15. Qe2 Bd6 16. Bg5 Nd7 17.
Rad1 Rfe8 18. Be3 Rad8 19. Qb5 Nb6 20. Na5 Bd7 21. Qe2 Bc8 22. Qb5 Bd7 23. Qf1 Bc8 24.
Bh3 Bxh3 25. Qxh3 Nc4 26. Nxc4 Qxc4 27. Qg2 Qa6 28. Qd5 Bc7 29. Qb3 Qc6 30. a4 a6 31. Qb4 Qf3 32. Rxd8 Rxd8 33. Qc5 Rd1 34. Rxd1 Qxd1+ 35. Kg2 e4 36. Qf5 g6 37. Qxe4 Bd8 38.
Bd4 Kf8 39. Qe5 Qd3 40. Qh8+ Ke7 41. Bf6+ Ke6 42. Qxd8 Qe4+ 43. Kf1 Qb1+ 44. Ke2 Qc2+ 45. Qd2 Qxa4 46. Bd4 Qb5+ 47. Ke1 Qd5 48. Qe3+ Kd7 49. Kd2 b5 50. Qe5 Qb3 51. Kc1 b4 52. Qa5 bxc3 53.
Bxc3 Qc4 54. Qb6 Qf1+ 55. Kc2 Qe2+ 56. Kc1 Qf1+ 57. Kd2 Qg2 58. h4 Ke8 59. Qxa6 Qd5+ 60. Qd3 Qg2 61. b4 Kf8 62. Bd4 Ke8 63. b5 Qd5 64. b6 Qa2+ 65. Qc2 Qd5 66. Qc5 Qa2+ 67. Ke3 Qb3+ 68. Bc3 Qd1 69. Qe5+ Kd7 70. Qc7+ Ke8 71. Qc8+ Ke7 72. Bb4+ Kf6 73. Qc6+ Kg7 74. Bc3+ Kh6 75.
b7 Qc1+ 76. Kd3 Qf1+ 77. Kc2 Qxf2+ 78. Bd2+ Kh5 79. b8=Q Qf5+ 80. Kb2 Qd3 81. g4+ Kxg4 82. Qf4+ Kh3 83. Qh1# 1-0

[Event "*** Titled Tuesday 3|2 Blitz"]
[Site "Chess.com"]
[Date "2017.03.07"]
[Round "5"]
[White "GM_Splinter"]
[Black "Incognito_Knight"]
[Result "0-1"]
[WhiteElo "2255"]
[BlackElo "2409"]
[TimeControl "180+2"]
[EndTime "14:12:39 PST"]
[Termination "Incognito_Knight won by resignation"]

1. e4 c5 2. Nf3 e6 3. c3 Nf6 4. e5 Nd5 5. Bc4 Nb6 6. Bb3 c4 7. Bc2 g5 8. O-O Nc6 9. Re1 g4 10. Nd4 Nxd4 11. cxd4 d5 12. Qxg4 h5 13. Qf3 Qh4 14. Nc3 Qxd4 15. d3 Qg4 16. Qf4 Bd7 17.
a4 cxd3 18. Bxd3 Rc8 19. Nb5 a6 20. Nd6+ Bxd6 21. exd6 Rg8 22. g3 Nc4 23. Qf6 Nxd6 24.
Bh7 Qg7 25. Qxg7 Rxg7 26. Bd3 Bc6 27. Bf4 Nc4 28. b3 Nb6 29. Be5 Rg5 30. f4 Rg8 31. Bh7 Rg4 32. Kf2 h4 33. Kf3 f5 34. Kf2 hxg3+ 35. hxg3 Nd7 36. Bd4 Kf7 37. Rh1 Nf8 38. Rh6 Bd7 39. Re1 Rc2+ 40. Re2 Rxe2+ 41. Kxe2 Rxg3 42. Rf6+ Ke7 43. Rh6 Nxh7 44. Rxh7+ Kd6 45. Be5+ Kc6 46. b4 Rb3 47. b5+ axb5 48. axb5+ Rxb5 49.
Kd2 Rb4 50. Rh3 Rc4 51. Ra3 Be8 52. Ra8 Kd7 53. Rb8 Rb4 54. Kc3 Rb5 55. Kd3 Bh5 56. Rh8 Bf3 57. Rh7+ Kc6 58. Rc7+ Kb6 59. Re7 Be4+ 60.
Kc3 Rc5+ 61. Kb3 Rc6 62. Bd4+ Ka6 63. Re8 Kb5 64. Re7 b6 65. Rb7 Bd3 66. Kb2 Bc4 67. Kc3 Ba2+ 68. Kb2 Bc4 69. Kc3 Ka6 70. Rb8 Kb5 71. Kb2 Bd3 72. Kb3 Bc2+ 73. Kb2 Kc4 74. Bxb6 Kd3 75. Bd8 Ke4 76. Bg5 Bd3 77. Re8 d4 78. Kb3 Bc4+ 79. Kb4 Bd5 80. Bf6 d3 81. Bc3 Rc4+ 0-1

[Event "*** Titled Tuesday 3|2 Blitz"]
[Site "Chess.com"]
[Date "2017.03.07"]
[Round "5"]
[White "ChadaevNikolay"]
[Black "Abrito99"]
[Result "0-1"]
[WhiteElo "2595"]
[BlackElo "2392"]
[TimeControl "180+2"]
[EndTime "14:13:13 PST"]
[Termination "Abrito99 won by checkmate"]

1. e4 e6 2. d3 d5 3. Nd2 c5 4. Ngf3 Nc6 5. g3 Nf6 6. Bg2 Be7 7. O-O O-O 8. Re1 b5 9. e5 Nd7 10. Nf1 Bb7 11. h4 Qb6 12. N1h2 Rfc8 13. Bf4 Qd8 14. Ng5 h6 15. Ngf3 Kh8 16. Ng4 Qg8 17.
Qd2 Qh7 18. c3 a5 19. a3 b4 20. a4 bxc3 21. bxc3 Ba6 22. Bf1 Rab8 23. Kg2 d4 24. c4 Nb4 25. Kg1 Bb7 26. Ngh2 Bc6 27. Ra3 Nb6 28. Qd1 Qf5 29. Bc1 Qg6 30. g4 Bxf3 31.
Nxf3 Qxg4+ 32. Bg2 Nd7 33. Re4 Qh5 34. Bf4 Nf8 35. Bg3 Nc6 36. Bh3 Rb2 37. Bg4 Qg6 38.
h5 Qh7 39. Ra1 Rcb8 40. Kg2 R8b3 41. Ne1 Nb4 42. Qf3 Kg8 43. Rd1 Ra2 44. Rf4 g5 45. Rf6 Rbb2 46. Qa8 Rd2 47. Qe8 Nxd3 48. Nxd3 Rxd1 49.
Bxd1 Bxf6 50. exf6 Qxd3 51. Bd6 Qe4+ 52. Bf3 Rxf2+ 53.
Kxf2 Qe3+ 54. Kg2 Qd2+ 55. Kh3 g4+ 56. Kxg4 Qg5+ 57. Kh3 Qf5+ 58. Kg2 Qg5+ 59. Kh1 Qh4+ 60. Kg2 Qg5+ 61. Kf1 Qc1+ 62. Kf2 Qe3+ 63. Kg3 Qg5+ 64. Bg4 Qe3+ 65. Kh2 Qf2+ 66. Kh3 Qe3+ 67. Bg3 d3 68.
Qd8 d2 69. Qd6 Qe1 70. Bf3 Qf1+ 71. Kg4 Qxc4+ 72. Bf4 e5 73. Qxd2 exf4 74. Qxf4 Qb4 75. Be4 Ne6 76. Qf5 Kf8 77. Qd5 Qb8 78. Kf3 Qf4+ 79.
Ke2 Nd4+ 80. Kd3 Qf1+ 81. Ke3 Qe1+ 82. Kf4 Qh4+ 83. Ke5 Qg3# 0-1

[Event "*** Titled Tuesday 3|2 Blitz"]
[Site "Chess.com"]
[Date "2017.03.07"]
[Round "5"]
[White "AdrianaNikolova"]
[Black "Blitzstream"]
[Result "1-0"]
[WhiteElo "2335"]
[BlackElo "2477"]
[TimeControl "180+2"]
[EndTime "14:13:25 PST"]
[Termination "AdrianaNikolova won by checkmate"]

1. e4 d5 2. exd5 Qxd5 3. Nc3 Qa5 4. d4 Nf6 5. Nf3 c6 6. Bc4 Bf5 7. Bd2 e6 8. Nd5 Qd8 9. Nxf6+ Qxf6 10. c3 Bd6 11. h3 h6 12. Qe2 Bg6 13. Ne5 Bxe5 14. dxe5 Qf5 15. O-O Qe4 16. f4 Nd7 17. Be3 Nb6 18.
Bb3 O-O-O 19. Qf2 Kc7 20. Rae1 Qd3 21. Bc5 Bf5 22. Bd6+ Kc8 23. a4 Qa6 24. g4 Bd3 25. a5 Nc4 26. Bxc4 Bxc4 27. b4 h5 28. g5 g6 29. Kh2 Rd7 30. Rg1 Bd5 31. Rg3 Rhd8 32. Qc5 b6 33. axb6 axb6 34. Qe3 Kb7 35. Rgg1 Ra8 36.
h4 Qa2+ 37. Re2 Qc4 38. Rge1 Ra3 39. Qd4 Rxc3 40. Qxc4 Rxc4 41. Ra1 Rxf4 42. Re3 Rxh4+ 43. Kg3 Rg4+ 44. Kh3 c5 45. b5 Bc4 46. Rea3 Bxb5 47. Ra8 Kc6 48. Rd1 Rd4 49. Rda1 Kd5 50. Rf8 Rd3+ 51.
Kh2 Bc6 52. Ra6 Rb3 53. Rb8 Rb7 54. Rc8 c4 55. Ra1 Rd3 56. Rc1 b5 57. Bf8 c3 58.
Rd8+ Rd7 59. Rc8 Rd2+ 60. Kg3 c2 61. Bb4 Re2 62. Kf3 Rh2 63. Kg3 Re2 64. Kf3 Rxe5 65. Rxc2 Rf5+ 66. Kg3 Bb7 67. R8c5+ Ke4 68. Re2+ Kd4 69.
Rd2+ Ke3 70. Rxd7 Rf3+ 71. Kh2 Rf2+ 72. Kg3 Rf3+ 73. Kh2 Rf2+ 74. Kg1 Rg2+ 75. Kf1 Rb2 76. Rc3+ Ke4 77. Bc5 b4 78. Rd4+ Ke5 79. Rxb4 Ba6+ 80.
Ke1 Re2+ 81. Kd1 Rg2 82. Bd4+ Kf5 83. Bf6 Be2+ 84. Ke1 Ba6 85. Rc5+ e5 86. Rxe5# 1-0

[Event "*** Titled Tuesday 3|2 Blitz"]
[Site "Chess.com"]
[Date "2017.03.07"]
[Round "5"]
[White "StellarChessPro"]
[Black "poummba"]
[Result "0-1"]
[WhiteElo "2333"]
[BlackElo "2362"]
[TimeControl "180+2"]
[EndTime "14:14:40 PST"]
[Termination "poummba won by checkmate"]

1. d4 g6 2. e4 Bg7 3. Nf3 d6 4. Nc3 Nf6 5. h3 O-O 6. Bc4 c6 7. Qe2 d5 8. exd5 cxd5 9. Bd3 Nc6 10.
a3 Ne4 11. Nxd5 Nxf2 12. Nxe7+ Qxe7 13. Kxf2 Qxe2+ 14. Kxe2 Nxd4+ 15. Nxd4 Bxd4 16. c3 Re8+ 17. Kf3 Bg7 18. Bf4 Bd7 19. Rhe1 Bc6+ 20. Kf2 b5 21. Be2 a5 22. Bf3 Bxf3 23. Kxf3 f5 24. Rad1 Rxe1 25. Rxe1 Kf7 26. Rd1 Re8 27. Rd5 b4 28. axb4 axb4 29.
cxb4 Bxb2 30. b5 Re4 31. Rd7+ Kf6 32. Rxh7 Rb4 33. Rb7 g5 34. Bd6 Rb3+ 35. Ke2 Bd4 36. Bf8 Ke6 37. Kd2 Kd5 38. g4 fxg4 39. hxg4 Rb2+ 40. Kd3 Rb3+ 41. Kc2 Rc3+ 42. Kd2 Rg3 43. b6 Rg2+ 44. Kd3 Rg3+ 45. Kc2 Rg2+ 46. Kd1 Rxg4 47. Rd7+ Kc6 48. b7 Be5 49. Re7 Bc7 50.
Rf7 Rd4+ 51. Ke2 Kxb7 52. Bh6 Rd5 53. Kf3 Kc6 54. Kg4 Bd6 55. Bxg5 Rd4+ 56. Kf5 Rd5+ 57.
Kg6 Rd1 58. Bf4 Rg1+ 59. Kh7 Rf1 60. Kg6 Bxf4 61. Kh5 Rh1+ 62. Kg4 Bd6 63. Rf3 Kd5 64.
Rd3+ Ke6 65. Re3+ Be5 66. Kf3 Kf5 67. Re2 Rh3+ 68. Kg2 Rg3+ 69. Kf2 Ra3 70. Rc2 Bd4+ 71. Ke2 Ke4 72. Rc8 Ra2+ 73. Kd1 Kd3 74. Rc7 Rf2 75. Ke1 Rg2 76. Rf7 Rb2 77. Kf1 Ke3 78. Re7+ Kf3 79. Rf7+ Kg3 80. Ke1 Be3 81. Kd1 Bf4 82. Ke1 Kf3 83.
Rd7 Rg2 84. Kd1 Ke3 85. Re7+ Kd3 86. Rd7+ Kc3 87. Ke1 Be3 88. Kf1 Rh2 89. Ke1 Bd4 90. Kf1 Kd3 91. Re7 Be3 92. Re8 Rf2+ 93. Ke1 Rb2 94.
Rd8+ Ke4 95. Kf1 Bf4 96. Ra8 Kf3 97. Re8 Rh2 98. Rg8 Rh1+ 99. Rg1 Rh6 100. Rg8 Re6 101. Rc8 Re3 102. Rc2 Rd3 103. Rf2+ Kg3 104. Rg2+ Kh3 105. Re2 Kg4 106. Re8 Kf3 107. Re2 Bg3 108. Rf2+ Ke3 109.
Rf3+ Kxf3 110. Kg1 Rd1# 0-1

[Event "*** Titled Tuesday 3|2 Blitz"]
[Site "Chess.com"]
[Date "2017.03.07"]
[Round "5"]
[White "Yaacovn"]
[Black "Gergo85"]
[Result "1-0"]
[WhiteElo "2591"]
[BlackElo "2427"]
[TimeControl "180+2"]
[EndTime "14:16:02 PST"]
[Termination "Yaacovn won by resignation"]

1. d4 Nf6 2. Nf3 g6 3. c4 Bg7 4. Nc3 d5 5. cxd5 Nxd5 6. g3 Nxc3 7. bxc3 c5 8. Bg2 O-O 9. O-O Nd7 10. e3 Nf6 11. Ba3 Ne4 12. Qc2 Qa5 13. Bc1 Qxc3 14. Qxc3 Nxc3 15. Ba3 Ne2+ 16. Kh1 cxd4 17. exd4 Nxd4 18.
Nxd4 Bxd4 19. Rac1 Bf6 20. Rc7 Be6 21. Rxb7 a5 22.
Bxe7 Bxe7 23. Rxe7 Ra6 24. a3 Rb8 25. Kg1 Rb3 26.
Ra1 Kg7 27. h4 h5 28. Rc7 Kf6 29. a4 Rb4 30. Bf1 Rd6 31. Ra7 Rd2 32. Rxa5 Rbb2 33.
Rb5 Rbc2 34. a5 Rxf2 35. a6 Rf3 36. a7 Rxg3+ 37. Kh1 Rc8 38. Rb8 Bd5+ 39. Kh2 Rcc3 40. a8=Q Bxa8 41. Rbxa8 Rge3 42. R8a2 Kg7 43. Bg2 Rc4 44. Ra4 Rc7 45. Rf1 Rce7 46. Raf4 Rc3 47. R1f2 Rcc7 48. Bd5 Rcd7 49. Bc4 Rc7 50. Kg2 Rb7 51.
Bd5 Rbc7 52. Bf3 Rcd7 53. Kg3 Rc7 54. Rb2 Rcd7 55. Rb6 Rc7 56. Rb5 Rcd7 57. Rg5 Rd3 58.
Kf2 Rd2+ 59. Kg3 Rd3 60. Rb5 Rdd7 61. Ra4 Rc7 62. Rb8 Rc3 63. Rf4 Rcc7 64. Ra8 Rcd7 65.
Kf2 Rc7 66. Rb4 Rc2+ 67. Kg3 Rc3 68. Rf4 Rcc7 69. Rb8 Rcd7 70. Be4 Rc7 71. Rb3 Ra7 72. Rbf3 Rac7 73. Bb1 Rcd7 74. Ba2 Rc7 75. Bd5 Rcd7 76.
Bc4 Rc7 77. Rd4 Rb7 78. Rfd3 Rbc7 79. Bd5 Ra7 80. Bf3 Rac7 81. Rb4 Ra7 82. Rdb3 Rac7 83.
Rb8 Ra7 84. Rc8 Ra4 85. Rbb8 Ra3 86. Rg8+ Kf6 87. Rb6+ Re6 88. Rxe6+ Kxe6 89. Rb8 Kf6 90. Rb6+ Kg7 91. Kf4 Ra7 92. Be4 Re7 93. Ra6 Rd7 94. Rb6 Re7 95. Bd5 Rd7 96. Ke5 Re7+ 97. Kd6 Ra7 98.
Kc5 Ra5+ 99. Kd4 Ra4+ 100. Bc4 Ra7 101. Rd6 Re7 102. Bd5 Ra7 103. Rb6 Ra4+ 104. Bc4 Ra7 105. Kc5 Re7 106. Bd5 Ra7 107. Kd6 Ra4 108. Rb7 Rxh4 109. Rxf7+ Kh6 110. Ke5 Rh2 111. Rf1 Re2+ 112. Be4 Rb2 113. Rf6 Rb5+ 114. Kf4 Rg5 115. Rf8 Rg4+ 116. Kf3 Kg5 117. Rf7 Rg1 118. Kf2 Rg4 119. Kf3 Rg1 120. Ra7 Rf1+ 121. Ke3 Rf6 122. Ra5+ Kh6 123. Ra7 Kg5 124. Rg7 Re6 125. Rg8 Rf6 126. Kd4 Rb6 127. Ke5 Rb5+ 128. Kd4 Rb6 129. Ra8 Rf6 130. Ra1 Kh6 131. Ke5 Rb6 132. Bd5 Rb8 133. Kf6 Rb6+ 134. Be6 Rb2 135. Rf1 Rb4 136. Rg1 Rf4+ 137. Ke5 Rf2 138. Bd5 Rf5+ 139. Ke6 Rg5 140. Rh1 Rg3 141. Be4 Kg5 142. Ke5 Rg4 143. Rc1 Kh6 144. Rc6 Rg1 145. Rc8 Kg5 146. Bxg6 h4 147. Be4 Kg4 148. Rg8+ Kh3 149. Rxg1 Kh2 150. Rg2+ Kh3 151. Rg5 Kh2 152. Kf4 h3 153. Kf3 Kh1 154. Kg3+ Kg1 155. Rd5 1-0

[Event "*** Titled Tuesday 3|2 Blitz"]
[Site "Chess.com"]
[Date "2017.03.07"]
[Round "6"]
[White "oskariot"]
[Black "Vamostodorecto"]
[Result "0-1"]
[WhiteElo "2399"]
[BlackElo "2387"]
[TimeControl "180+2"]
[EndTime "14:19:55 PST"]
[Termination "Vamostodorecto won by resignation"]

1. e4 e5 2. Nf3 Nc6 3. Bb5 a6 4. Ba4 Nf6 5. O-O b5 6. Bb3 Bb7 7. c3 Nxe4 8. d4 exd4 9. Re1 d5 10.
Nxd4 Nxd4 11. Qxd4 c5 12. Qe5+ Qe7 13. Qxd5 Bxd5 14.
Bxd5 O-O-O 15. Bxe4 Qxe4 0-1

[Event "*** Titled Tuesday 3|2 Blitz"]
[Site "Chess.com"]
[Date "2017.03.07"]
[Round "6"]
[White "aa175"]
[Black "StellarChessPro"]
[Result "0-1"]
[WhiteElo "1850"]
[BlackElo "2334"]
[TimeControl "180+2"]
[EndTime "14:20:13 PST"]
[Termination "StellarChessPro won by checkmate"]

1. e4 e5 2. Nf3 Nc6 3. Bc4 Nf6 4.
Ng5 d5 5. exd5 Na5 6. Bb5+ c6 7.
dxc6 bxc6 8. Bd3 h6 9. Ne4 Nxe4 10. Bxe4 Bc5 11. O-O O-O 12. Nc3 f5 13. Bf3 e4 14.
Be2 Bd6 15. a3 Qh4 16. h3 Rf6 17. Kh1 Rg6 18. b4 f4 19. bxa5 Bxh3 20. Bc4+ Be6+ 21. Kg1 Bxc4 22. Nxe4 f3 23. Ng3 Bxf1 24. Qxf3 Rf8 25.
Qxc6 Bxg3 26. Qxg6 Qh2+ 27. Kxf1 Rxf2+ 28. Ke1 Qg1# 0-1

[Event "*** Titled Tuesday 3|2 Blitz"]
[Site "Chess.com"]
[Date "2017.03.07"]
[Round "6"]
[White "EmeseBalogh"]
[Black "RamonManon0g"]
[Result "0-1"]
[WhiteElo "1983"]
[BlackElo "2295"]
[TimeControl "180+2"]
[EndTime "14:20:33 PST"]
[Termination "RamonManon0g won by resignation"]

1. e4 c5 2. Nc3 Nc6 3. d3 d6 4. Be3 g6 5. d4 cxd4 6. Bxd4 Nxd4 7.
Qxd4 Nf6 8. e5 dxe5 9. Bb5+ Bd7 10. Qxe5 Bg7 11. O-O-O O-O 12. Bxd7 Nxd7 13. Qb5 Bxc3 14.
bxc3 Qb6 15. Qxd7 Rad8 16. Qxe7 Rxd1+ 17. Kxd1 Qb1+ 18. Kd2 Qf1 19. Qf6 Qxg2 20. Qf3 Rd8+ 21. Kc1 Qf1+ 22. Kb2 Rd1 23. Qe4 Rb1+ 24. Ka3 Qa6+ 25.
Qa4 Qd6+ 0-1

[Event "*** Titled Tuesday 3|2 Blitz"]
[Site "Chess.com"]
[Date "2017.03.07"]
[Round "6"]
[White "SantoBlue"]
[Black "proxy6"]
[Result "1-0"]
[WhiteElo "2431"]
[BlackElo "2168"]
[TimeControl "180+2"]
[EndTime "14:20:47 PST"]
[Termination "SantoBlue won by resignation"]

1. Nf3 Nf6 2. c4 e6 3. b3 d5 4.
Bb2 Be7 5. g3 O-O 6. Bg2 c5 7.
cxd5 exd5 8. O-O Nc6 9. d4 Be6 10.
dxc5 Bxc5 11. Nc3 Qe7 12. Rc1 Rfd8 13. Ng5 Ba3 14. Bxa3 Qxa3 15. Nxe6 fxe6 16. e4 dxe4 17. Qe1 Nd4 18. Nxe4 Nxe4 19. Qxe4 Qxa2 20. Rc7 Qxb3 21. Qe5 Nf5 22. g4 1-0

[Event "*** Titled Tuesday 3|2 Blitz"]
[Site "Chess.com"]
[Date "2017.03.07"]
[Round "6"]
[White "rpragchess"]
[Black "politeplayer"]
[Result "1/2-1/2"]
[WhiteElo "1940"]
[BlackElo "2092"]
[TimeControl "180+2"]
[EndTime "14:20:50 PST"]
[Termination "Game drawn by repetition"]

1. e4 c5 2. Nf3 e6 3. d4 cxd4 4.
Nxd4 Nf6 5. Nc3 Bb4 6. e5 Nd5 7.
Bd2 Nxc3 8. bxc3 Be7 9. Qg4 O-O 10. Bd3 d6 11. f4 Nd7 12. Qh5 g6 13. Qh6 dxe5 14. Bxg6 hxg6 15. Nxe6 fxe6 16. Qxg6+ Kh8 17. Qh6+ Kg8 18. Qg6+ Kh8 19. Qh6+ Kg8 20. Qg6+ Kh8 21. Qh6+ 1/2-1/2

[Event "*** Titled Tuesday 3|2 Blitz"]
[Site "Chess.com"]
[Date "2017.03.07"]
[Round "6"]
[White "iturrizaga"]
[Black "GM_Splinter"]
[Result "1-0"]
[WhiteElo "2647"]
[BlackElo "2250"]
[TimeControl "180+2"]
[EndTime "14:21:12 PST"]
[Termination "iturrizaga won by resignation"]

1. Nf3 f5 2. c4 Nf6 3. g3 g6 4.
Bg2 Bg7 5. O-O O-O 6. Nc3 d6 7. d4 Nc6 8. b3 e5 9. dxe5 Nxe5 10. Nxe5 dxe5 11. Ba3 Re8 12. Qxd8 Rxd8 13. Rfd1 Rxd1+ 14. Rxd1 c6 15. Rd8+ Kf7 16. e4 f4 17. Bh3 1-0